 Dungeon Crawl Stone Soup version 0.30.1-11-g7821555f0a (webtiles) character file.

Game seed: 14733923317885240927

7300 Peloso the Carver (level 10, -22/90 HPs)
             Began as a Minotaur Fighter on Jan 7, 2024.
             Was a High Priest of Okawaru.
             Killed from afar by Erica (33 damage)
             ... with a bolt of poison
             ... on level 10 of the Dungeon.
             The game lasted 00:14:47 (8582 turns).

Peloso the Carver (Minotaur Fighter)                Turns: 8582, Time: 00:14:49

Health: -22/90     AC: 18    Str: 21    XL:     10   Next: 90%
Magic:  8/9        EV: 11    Int:  5    God:    Okawaru [*****.]
Gold:   319        SH:  7    Dex: 16    Spells: 9/9 levels left

rFire   . . .        a - +6 falchion of Responsibility {venom, +Blink Dex+2}
rCold   . . .        d - +0 buckler
rNeg    . . .        J - +0 plate armour
rPois   .            (helmet restricted)
rElec   .            (no cloak)
rCorr   .            (no gloves)
SInv    .            K - +0 pair of boots
Will    .....        F - amulet of faith Stlth
                     (no ring)
HPRegen 0.35/turn    (no ring)
MPRegen 0.11/turn

%: faith
@: lethally poisoned (-22 -> -45), heroic
A: horns 2, retaliatory headbutt
a: Renounce Religion, Evoke Blink, Heroism, Finesse, Duel


You were on level 10 of the Dungeon.
You worshipped Okawaru.
Okawaru was extremely pleased with you.
You visited 2 branches of the dungeon, and saw 11 of its levels.

You collected 574 gold pieces.
You spent 255 gold pieces at shops.

Inventory:

Hand Weapons
 a - the +6 falchion of Responsibility (weapon) {venom, +Blink Dex+2}
   (You bought it in a shop on level 1 of the Dungeon)

   Dex:       It affects your dexterity (+2).
   +Blink:    It lets you blink.
 b - a +0 long sword
Missiles
 r - 2 throwing nets (quivered)
Armour
 c - a +0 scale mail
 d - a +0 buckler (worn)
 J - a +0 plate armour (worn)
 K - a +0 pair of boots (worn)
Jewellery
 F - an amulet of faith (around neck)
 M - an amulet of guardian spirit
Wands
 h - a wand of mindburst (29)
 q - a wand of polymorph (6)
 t - a wand of flame (23)
 y - a wand of digging (5)
 H - a wand of iceblast (8)
 I - a wand of quicksilver (11)
Scrolls
 e - 5 scrolls of fear
 g - 2 scrolls of enchant weapon
 k - 2 scrolls of immolation
 m - 3 scrolls of amnesia {unknown}
 s - 3 scrolls of fog {unknown}
 v - 2 scrolls of identify
 x - 2 scrolls of acquirement {unknown}
 z - 4 scrolls of enchant armour {unknown}
 A - 5 scrolls of teleportation {unknown}
 D - 3 scrolls of vulnerability {unknown}
 E - a scroll of torment {unknown}
 G - a scroll of summoning {unknown}
Potions
 f - 4 potions of brilliance
 i - a potion of invisibility
 j - 2 potions of heal wounds
 l - a potion of magic
 n - 2 potions of curing
 o - 2 potions of cancellation
 p - 4 potions of might
 u - 2 potions of flight
 w - 2 potions of mutation
 B - a potion of degeneration {unknown}
 C - a potion of ambrosia {unknown}
 L - a potion of attraction {unknown}
 N - a potion of resistance


   Skills:
 + Level 8.6(13.6) Fighting
 + Level 13.1(18.1) Long Blades
 + Level 10.6(15.6) Armour
 + Level 3.7(8.7) Dodging
 + Level 1.0(6.0) Stealth
 + Level 8.0(13.0) Shields
 + Level 1.1 Invocations


You had 9 spell levels left.
You didn't know any spells.
Your spell library contained the following spells:

 Spells                   Type           Power      Damage    Failure   Level
 Blink                    Tloc           0%         N/A       100%        2
 Lesser Beckoning         Tloc           0%         N/A       100%        2
 Momentum Strike          Conj/Tloc      0%         3d8       100%        2
 Portal Projectile        Hex/Tloc       0%         N/A       100%        3
 Blade Hands              Tmut           0%         N/A       100%        5
 Tukima's Dance           Hex            Unusable   N/A       N/A         3

Dungeon Overview and Level Annotations

Branches:
Dungeon (10/15)            Temple (1/1) D:4
   Lair: D:8-11         Orc: D:9-12

Altars:
Ashenzari
Dithmenos
Elyvilon
Fedhas
Gozag
Makhleb
Nemelex Xobeh
Okawaru
Qazlal
Ru
Sif Muna
Trog
Uskayaw
Vehumet
Wu Jian
Xom
Zin

Shops:
D:1 ((   D:2 ?   D:5 [   D:6 *   D:8 [

Annotations:
D:7 3 runed translucent doors
D:8 2 transporters
D:9 1 runed translucent door, tykejmi's ghost, journeyman DrTm
D:10 Erica


Innate Abilities, Weirdness & Mutations

You have a pair of horns on your head.
You reflexively headbutt those who attack you in melee.


Message History

Erica gestures at you while chanting. You resist with significant effort.
You gain the combat prowess of a mighty hero.
Erica casts a spell.
Erica flickers and vanishes!
Deactivating autopickup; reactivate with Ctrl-A.
You miss something. Your headbutt misses something. You hit something.
Your headbutt misses something. Something hits you. Something burns you.
You barely miss something.
You hear some strange, mumbled words.
You are confused.
You miss something. Your headbutt misses something.
You bump into the rock wall.
Something hits you! Something burns you.
You closely miss something. Your headbutt misses something.
Something hits you but does no damage.
You're too confused to move!
Something hits you but does no damage.
You bump into the rock wall.
You hear some strange, mumbled words.
A bolt of poison appears from out of thin air!
The bolt of poison hits you!!
You are poisoned.
You bump into the rock wall.
You feel very sick. Something hits you but does no damage.
You bump into the rock wall.
You feel very sick. Something hits you!
* * * LOW HITPOINT WARNING * * *
Something burns you.
* * * LOW HITPOINT WARNING * * *
You hit something. Your headbutt misses something.
You feel sick.
You bump into the rock wall.
You feel less confused.
You feel sick.
You hear some strange, mumbled words.
A bolt of poison appears from out of thin air!
The bolt of poison hits you!!
You are lethally poisoned!
You die...

######.##### #.#
#.# #.#####
#.#########.....#
#<..........###.#
##
#..<..........#
.##
##.########.#...#
..# #.# #.###.#
.######.# #.# #
#.......# #@#
[######## #{# .#
#.# .# #.# .# #.#
.# #.# .# #.# .#
#.# .#


There were no monsters in sight!

Vanquished Creatures
  An unseen horror (D:10)
  A kobold demonologist (D:8)
  2 trolls
  10 yaks (D:9)
  A steam dragon (D:10)
  Eustachio (D:5)
  A wyvern (D:9)
  2 water moccasins
  A sky beast (D:7)
  3 black bears
  4 orc warriors
  2 ice beasts
  An ogre (D:5)
  15 kobold brigands
  2 gnoll sergeants
  4 bullfrogs
  2 scorpions
  3 wights (D:8)
  9 killer bees
  A howler monkey (D:5)
  3 hounds
  4 orc priests
  A gnoll bouda (D:5)
  2 sleepcaps
  3 iguanas
  17 orc wizards
  14 gnolls
  4 adders
  A shadow imp (D:8)
  A white imp (D:6)
  An ufetubus (D:6)
  A worm (D:2)
  43 orcs
  3 bats
  5 endoplasms
  4 giant cockroaches
  7 goblins
  7 hobgoblins
  28 kobolds
  3 quokkas
  5 ball pythons
  A frilled lizard (D:3)
  4 rats
228 creatures vanquished.

Vanquished Creatures (others)
  An orc (D:5)
1 creature vanquished.

Grand Total: 229 creatures vanquished

Notes
Turn   | Place    | Note
-------+----------+-------------------------------------------
     0 | D:1      | Peloso the Minotaur Fighter began the quest for the Orb.
     0 | D:1      | Reached XP level 1. HP: 19/19 MP: 0/0
    66 | D:1      | Found Sabruon's Antique Armour Shop.
    78 | D:1      | Reached XP level 2. HP: 27/27 MP: 1/1
    96 | D:1      | Found Toluqije's Antique Weapon Shop.
   353 | D:1      | Found Nashud's Antique Weapon Shoppe.
   472 | D:2      | Reached XP level 3. HP: 15/33 MP: 2/2
   597 | D:2      | Reached skill level 3 in Long Blades
   809 | D:2      | Found Ocsy's Magic Scroll Shop.
  1189 | D:3      | Reached XP level 4. HP: 36/40 MP: 3/3
  1661 | D:1      | Bought a shimmering falchion for 232 gold pieces
  1661 | D:1      | Identified the +6 falchion of Responsibility {venom, +Blink
                  | Dex+2} (You bought it in a shop on level 1 of the Dungeon)
  2002 | D:4      | Reached skill level 4 in Long Blades
  2332 | D:4      | Reached XP level 5. HP: 28/47 MP: 4/4
  2420 | D:4      | Found a staircase to the Ecumenical Temple.
  2450 | Temple   | Entered the Ecumenical Temple
  2748 | Temple   | Became a worshipper of Warmaster Okawaru
  2838 | D:4      | Reached skill level 1 in Dodging
  2896 | D:4      | Noticed a black bear
  2899 | D:4      | Killed a black bear
  2900 | D:4      | Reached skill level 5 in Long Blades
  2900 | D:4      | Reached skill level 5 in Armour
  2900 | D:4      | Reached XP level 6. HP: 50/53 MP: 5/5
  3029 | D:5      | Entered Level 5 of the Dungeon
  3047 | D:5      | Reached * piety under Okawaru
  3082 | D:5      | Noticed a water moccasin
  3089 | D:5      | Killed a water moccasin
  3090 | D:5      | Reached skill level 6 in Long Blades
  3090 | D:5      | Reached XP level 7. HP: 24/60 MP: 6/6
  3310 | D:5      | Reached skill level 5 in Fighting
  3600 | D:5      | Reached skill level 5 in Shields
  3779 | D:5      | Noticed Eustachio
  3814 | D:5      | Killed Eustachio
  3815 | D:5      | Reached skill level 7 in Long Blades
  3815 | D:5      | Reached XP level 8. HP: 49/68 MP: 7/7
  4001 | D:5      | Found Sesuhiq's Antique Armour Shoppe.
  4026 | D:5      | Reached ** piety under Okawaru
  4356 | D:6      | Noticed a troll
  4369 | D:6      | Killed a troll
  4436 | D:6      | Reached skill level 8 in Long Blades
  4725 | D:6      | Found Ennai's Assorted Antiques.
  4750 | D:6      | Bought a cyan potion for 23 gold pieces
  4761 | D:6      | Reached *** piety under Okawaru
  5171 | D:7      | Reached XP level 9. HP: 68/75 MP: 8/8
  5420 | D:7      | Reached skill level 9 in Long Blades
  5420 | D:7      | Reached skill level 1 in Stealth
  5454 | D:7      | Reached **** piety under Okawaru
  5641 | D:7      | Found a runed translucent door.
  5641 | D:7      | Noticed a gargoyle
  5642 | D:7      | Found a runed translucent door.
  5656 | D:7      | Found a runed translucent door.
  5656 | D:7      | Noticed a gargoyle
  6121 | D:8      | Reached skill level 10 in Long Blades
  6245 | D:8      | Found Vaxzeechu's Armour Emporium.
  6391 | D:8      | Found a transporter.
  6484 | D:8      | Found a transporter.
  6508 | D:8      | Noticed a kobold demonologist
  6523 | D:8      | Reached skill level 10 in Armour
  6541 | D:8      | Killed a kobold demonologist
  6570 | D:8      | Reached XP level 10. HP: 44/86 MP: 6/9
  6581 | D:8      | Reached skill level 11 in Long Blades
  6928 | D:9      | Reached ***** piety under Okawaru
  7122 | D:9      | Reached skill level 1 in Invocations
  7568 | D:9      | Reached skill level 12 in Long Blades
  7754 | D:9      | Found a runed translucent door.
  7754 | D:9      | Found a shimmering altar of Xom.
  7754 | D:9      | Noticed a +1 trident of chaos
  7754 | D:9      | Noticed tykejmi's ghost (journeyman DrTm)
  7980 | D:9      | Found a stormy altar of Qazlal.
  8246 | D:10     | Entered Level 10 of the Dungeon
  8294 | D:10     | Reached skill level 13 in Long Blades
  8362 | D:10     | Reached ****** piety under Okawaru
  8566 | D:10     | Noticed Erica
  8582 | D:10     | Killed from afar by Erica

Illustrated notes

Levels and vault maps discovered:
D:1:      minmay_arrival_plants_in_alcoves, layout_rooms, serial_shops, shop,
          shop, shop, minmay_gold_behind_fungi
D:2:      layout_basic, serial_shops, nicolae_shop_real_fake_doors
D:3:      layout_loops_cross
D:4:      layout_loops_corners, minmay_temple_entry_tees
D:5:      layout_basic, serial_shops, shop, uniq_eustachio
D:6:      layout_cave_pools, serial_shops, shop
D:7:      minmay_the_grid_triangle_9x9_rhombus_thin
          [minmay_the_grid_triangle_9x9_windchime,
          minmay_the_grid_triangle_9x9_prize_center,
          minmay_the_grid_triangle_9x9_fully_insulated_deathbox,
          minmay_the_grid_triangle_9x9_tough_junction], layout_rooms
D:8:      gammafunk_cloud_chamber, layout_rooms, serial_shops, shop,
          special_room [special_room_kobold], st_stairs_14
D:9:      layout_loops_ring, lemuel_coloured_pillars_altar, ebering_ghost_xom
D:10:     layout_loops_ring, nicolae_overflow_hallway_of_the_gods,
          kennysheep_orc_monster_closet_entryway, grunt_potential, uniq_grum,
          uniq_erica
Temple:   minmay_temple_bridge_d

Skill      XL: |  1  2  3  4  5  6  7  8  9 10 |
---------------+-------------------------------+-----
Fighting       | 4 5 6 7 8 |  8.6
Shields        | 4 5 6 8 |  8.0
Armour         | 4 5 7 8 10 | 10.6
Long Blades    | 3 4 5 6 7 8 10 13 | 13.1
Dodging        | 1 2 3 |  3.7
Stealth        | 1 |  1.0
Invocations    | 1 |  1.1

Action                     |  1- 3 |  4- 6 |  7- 9 | 10-12 || total
---------------------------+-------+-------+-------+-------++-------
  Melee: Long sword        |    94 |    19 |       |       ||   113
         Headbutt          |    14 |    13 |    59 |    39 ||   125
         Falchion          |       |    55 |   321 |   197 ||   573
 Invoke: Heroism           |       |       |     4 |     1 ||     5
    Use: Scroll            |     6 |       |     6 |       ||    12
 Armour: Scale mail        |    44 |    24 |     1 |       ||    69
         Chain mail        |       |       |   157 |       ||   157
         Plate armour      |       |       |    13 |    90 ||   103
  Dodge: Dodged            |    49 |    29 |   110 |    36 ||   224
  Block: Buckler           |    24 |    15 |    82 |    43 ||   164
